 Dungeon Crawl Stone Soup version 0.20-a0-187-ge5586d949a (webtiles) character file.

149 KristoblXynda the Chopper (level 5, -10/45 HPs)
             Began as a Draconian Fighter on Nov 23, 2016.
             Killed by divine providence
             ... invoked by an orc priest
              (15 damage)
             ... on level 3 of the Dungeon.
             The game lasted 00:03:15 (2057 turns).

KristoblXynda the Chopper (Draconian Fighter)       Turns: 2057, Time: 00:03:15

Health: -10/45     AC:  6    Str: 19    XL:     5   Next: 9%
Magic:  5/5        EV: 10    Int:  9    God:
Gold:   136        SH:  9    Dex: 10    Spells: 4/4 levels left

rFire  . . .     SeeInvis .     a - +1 war axe
rCold  . . .     Gourm    .     (armour unavailable)
rNeg   . . .     Faith    .     b - +0 shield
rPois  .         Spirit   .     (helmet restricted)
rElec  .         Reflect  .     q - +0 cloak
rCorr  .         Harm     .     (no gloves)
MR     .....                    (no boots)
Stlth  +.........               (no amulet)
                                (no ring)
                                (no ring)

@: no status effects
A: unfitting armour, cold-blooded, AC +5
a: no special abilities


You were on level 3 of the Dungeon.
You were not hungry.

You visited 1 branch of the dungeon, and saw 3 of its levels.

You collected 136 gold pieces.

Inventory:

Hand Weapons
 a - a +1 war axe (weapon)
Armour
 b - a +0 shield (worn)
 n - a +2 large shield
 q - a +0 cloak (worn)
Scrolls
 h - 2 scrolls of teleportation
 j - a scroll of identify
Potions
 c - 3 potions of might
 e - a potion of brilliance
 g - a potion of flight
 p - a potion of cancellation
Comestibles
 d - 3 bread rations
 f - 2 meat rations
 m - a royal jelly


   Skills:
 - Level 3.2 Fighting
 * Level 4.4 Axes
 - Level 2.6 Dodging
 + Level 4.2 Shields


You had 4 spell levels left.
You didn't know any spells.

Dungeon Overview and Level Annotations

Branches:
Dungeon (3/15)

Altars:


Innate Abilities, Weirdness & Mutations

Your plain brown scales are hard. (AC +5)
You cannot fit into any form of body armour.
You are cold-blooded and may be slowed by cold attacks.


Message History

You hear some strange, mumbled words.
Something tries to affect you, but you resist.
The orc priest calls down the wrath of Beogh upon you.
You hear some strange, mumbled words.
A puff of flame appears from out of thin air!
The puff of flame hits you!
You miss something.
Your tail-slap misses something.
Something hits you but does no damage.
You miss something.
Your tail-slap misses something.
The orc priest calls down the wrath of Beogh upon you.
Beogh smites you!
* * * LOW HITPOINT WARNING * * *
You block something's attack.
You barely miss something.
You hear some strange, mumbled words.
A puff of flame appears from out of thin air!
You block the puff of flame.
The orc priest invokes the aid of Beogh against you.
Beogh smites you!
You die...

* ***,,_*_,,*** #......'.. *
*,*,,,*.,,*.* #......#.. *
*,,,,,*,.,,.#* #......... *
**,,***##.,..# #......#..
*****,,,**♣..##.# ########..
<,,,,,***.#.....# ***## #..
*********.......# *,..# #..
,,,,,,,,,,,,#...###...#########.#
*********####...@{o.....#........
****** #.......######.#.######.
,,,,,***##.###.$.#,,,**,#.#....#.
,,,,,,,,.........#,*,,,,#.#.#..#.
,,,,,***##.##....########...####.
****** #.......................
*********#####.#.###############.
,,,,,,,,,,,,,#[#..<#.........#...
,***********,#.###.#.#######.#.#.


You could see an orc priest.

Vanquished Creatures
  3 gnolls (D:2)
  3 adders
  2 worms
  2 dart slugs (D:1)
  6 leopard geckos
  5 orcs (D:3)
  3 giant cockroaches
  6 hobgoblins
  4 jackals (D:3)
  6 kobolds
  A quokka (D:2)
  3 ball pythons
  8 bats
  6 frilled lizards
  11 goblins
  5 rats
74 creatures vanquished.

Notes
Turn   | Place    | Note
-------+----------+-------------------------------------------
     0 | D:1      | KristoblXynda the Draconian Fighter began the quest for the Orb.
     0 | D:1      | Reached XP level 1. HP: 19/19 MP: 1/1
   159 | D:1      | Reached XP level 2. HP: 20/26 MP: 2/2
   363 | D:1      | Reached XP level 3. HP: 23/31 MP: 3/3
   980 | D:2      | Reached XP level 4. HP: 38/38 MP: 4/4
  1810 | D:3      | Reached XP level 5. HP: 37/45 MP: 5/5
  2057 | D:3      | Killed from afar by an orc priest

Vault maps used:
D:1:      scummos_arrival_gate
D:3:      nicolae_overflow_quartered_altars, first_bread

Skill      XL: |  1  2  3  4 |
---------------+-------------+-----
Axes           | 3 4 |  4.4
Shields        | 4 |  4.2
Fighting       | |  3.2
Dodging        | |  2.6

Action                   |  1- 3 |  4- 6 || total
-------------------------+-------+-------++-------
Melee: War axe           |    93 |    84 ||   177
       Tailslap          |     5 |     7 ||    12
  Use: Scroll            |       |     9 ||     9
  Eat: Chunk             |       |     2 ||     2
       Meat ration       |       |     1 ||     1
Armor: Skin              |    49 |    44 ||    93
Dodge: Dodged            |    75 |    43 ||   118
Block: Shield            |    78 |    54 ||   132
